 Dungeon Crawl Stone Soup version 0.25.0-9-g26727b657a (webtiles) character file.

Game seed: 13094231088360758157

204336 Flugkiller the Severer (level 17, -1/164 HPs)
             Began as a Deep Dwarf Fighter on June 20, 2020.
             Was the Champion of Makhleb.
             Slain by a titanic slime creature (87 damage)
             ... on level 5 of the Pits of Slime.
             The game lasted 00:17:55 (16340 turns).

Flugkiller the Severer (Deep Dwarf Fighter)        Turns: 16340, Time: 00:17:55

Health: -1/164     AC:  1    Str: 36    XL:     17   Next: 50%
Magic:  7/7        EV: 12    Int: 10    God:    Makhleb [******]
Gold:   1439       SH: 17    Dex: 12    Spells: 16/16 levels left

rFire    + . .     SeeInvis +   k - +2 broad axe "Zatin" {vorpal, rPois}
rCold    + + +     Gourm    .   c - +2 shield of Resistance {rF+ rC+ MR+}
rNeg     + . .     Faith    .   M - +6 plate armour {MR+}
rPois    +         Spirit   .   f - +0 hat {MR+}
rElec    .         Reflect  .   G - +2 cloak {rCorr}
rCorr    +         Harm     .   F - +2 pair of gloves of Protective Custody {rC+}
MR       +++++                  (no boots)
Stlth    ..........             y - amulet of the acrobat
HPRegen  0.00/turn              m - ring of protection from magic
MPRegen  0.10/turn              I - ring "Neyjuvimm" {rC+ MR- Str+6 SInv Stlth+}

@: corroded, non-regenerating
A: damage resistance, heal wounds, horns 1, blurry vision 1, clever 1, negative
energy resistance 1, sense surroundings 2, strong 1, MP-powered wands, no
regeneration
}: 2/15 runes: decaying, gossamer
a: Heal Wounds, Minor Destruction, Lesser Servant of Makhleb, Major Destruction,
Greater Servant of Makhleb, Renounce Religion


You were on level 5 of the Pits of Slime.
You worshipped Makhleb.
Makhleb was exalted by your worship.
You were not hungry.

You visited 6 branches of the dungeon, and saw 35 of its levels.
You also visited: Gauntlet.

You collected 1439 gold pieces.

Inventory:

Hand Weapons
 a - a +0 short sword of distortion
   (You took it off Sonja on level 10 of the Dungeon)
 k - the +2 broad axe "Zatin" (weapon) {vorpal, rPois}
   (You found it on level 4 of the Lair of Beasts)

   It inflicts extra damage upon your enemies.
   It protects you from poison.
Missiles
 u - a throwing net (quivered)
Armour
 c - the +2 shield of Resistance (worn) {rF+ rC+ MR+}
   (You found it on level 14 of the Dungeon)

   It protects you from fire.
   It protects you from cold.
   It affects your resistance to hostile enchantments.
 f - a +0 hat of magic resistance (worn)
   (You took it off Gastronok on level 1 of the Lair of Beasts)
 A - a +2 helmet
   (You found it on level 6 of the Dungeon)
 F - the +2 pair of gloves of Protective Custody (worn) {rC+}
   (You found it in a Gauntlet)

   It protects you from cold.
 G - a +2 cloak of preservation (worn)
   (You found it in a Gauntlet)
 M - a +6 plate armour of magic resistance (worn)
   (You found it in a Gauntlet)
Jewellery
 m - a ring of protection from magic (left hand)
   (You found it on level 3 of the Lair of Beasts)
 y - an amulet of the acrobat (around neck)
   (You found it on level 4 of the Dungeon)
 I - the ring "Neyjuvimm" (right hand) {rC+ MR- Str+6 SInv Stlth+}
   (You found it in a Gauntlet)

   [ring of strength]

   It affects your strength (+6).
   It protects you from cold.
   It affects your resistance to hostile enchantments.
   It lets you see invisible.
   It makes you more stealthy.
 J - an uncursed ring of fire
   (You took it off an orc wizard on level 13 of the Dungeon)
Wands
 o - a wand of enslavement (9)
   (You took it off an orc warrior on level 15 of the Dungeon)
 s - a wand of acid (6)
   (You found it on level 4 of the Dungeon)
 v - a wand of digging (7)
   (You found it on level 4 of the Swamp)
 E - a wand of iceblast (8)
   (You found it on level 3 of the Lair of Beasts)
Scrolls
 g - 4 scrolls of magic mapping
 p - 2 scrolls of fear
 r - 3 scrolls of identify
 t - 5 scrolls of teleportation
 x - 5 scrolls of remove curse
 B - 7 scrolls of enchant weapon
 K - 5 scrolls of immolation
 L - a scroll of holy word
Potions
 d - 2 potions of might
 h - 5 potions of haste
 i - 4 potions of ambrosia
 j - a potion of mutation
 l - a potion of cancellation
 n - a potion of resistance
 q - 4 potions of curing
 w - 4 potions of heal wounds
 C - a potion of magic
 D - 7 potions of lignification
 H - 2 potions of flight
Miscellaneous
 b - a tin of tremorstones (3/3)
   (You found it on level 15 of the Dungeon)
Comestibles
 e - 38 rations


   Skills:
 * Level 13.5 Fighting
 - Level 18.0 Axes
 + Level 14.4 Armour
 + Level 6.7 Dodging
 + Level 14.4 Shields
 - Level 15.0 Invocations
 - Level 6.0 Evocations


You had 16 spell levels left.
You didn't know any spells.
Your spell library was empty.

Dungeon Overview and Level Annotations

Branches:
Dungeon (15/15)            Temple (1/1) D:7            Lair (6/6) D:9
  Swamp (4/4) Lair:2       Spider (4/4) Lair:3        Slime (5/5) Lair:6
    Orc (0/2) D:11         Vaults (0/5) D:13         Depths (0/5) D:15
Gauntlet (visited)

Altars:
Ashenzari
Cheibriados
Dithmenos
Elyvilon
Fedhas
Gozag
Kikubaaqudgha
Makhleb
Nemelex Xobeh
Okawaru
Qazlal
Sif Muna
Uskayaw
Wu Jian
Xom
Jiyva

Annotations:
D:14 1 runed translucent door
Lair:3 1 runed translucent door, Irhican's ghost, journeyman MiBe
Swamp:3 Roxanne
Slime:5 Royal Jelly


Innate Abilities, Weirdness & Mutations

You are resistant to damage.
You can heal yourself by infusing magical energy.
You resist negative energy. (rN+)
You passively map the area around you.
You do not regenerate.
You have a pair of small horns on your head.
Scrolls take you a little longer to read.
Your mind is acute. (Int +2)
Your muscles are strong. (Str +2)
You expend magic power (3 MP) to strengthen your wands.


Message History

You hit the titanic slime creature.
You block the titanic slime creature's attack.
The acid blob spits acid at you. The splash of acid hits you. You resist.
You are splashed with acid.
You resist.
You slash the acid blob!
Your hands burn!
The acid blob is moderately wounded.
You hit the titanic slime creature but do no damage.
An acid blob comes into view.
The titanic slime creature hits you!
You hit the acid blob but do no damage.
Your hands burn!
The acid blob is moderately wounded.
You hit the titanic slime creature but do no damage.
The acid blob hits you!!
You are splashed with acid.
You resist.
You slash the acid blob!
Your hands burn!
Your headbutt misses the acid blob.
The acid blob is heavily wounded.
You hit the titanic slime creature. The acid blob barely misses you.
The titanic slime creature hits you!!!!
Ouch! That really hurt!
You die...

.................... , ,
..................... ,
...................... ,
...................... *
,,
......................, ,
* ......................
, ,,
,,......................,
, ......................,
,, ....#....##.#@J.......
, ,
,..#####.######J.......,
, ,..# #..# #........ ,
##[ ,##.# )###...... , ,,
##):)##..##()/# #.....,,
, ,* #(||"?#ยง##?:$))*
.J... , * #$)|?##JJ##$:?!
,.... ##$}#|##J#:#:(#
,..., ,, * ######.^######
... ,,


You could see 2 acid blobs and a titanic slime creature.

Vanquished Creatures
  Jorgrun (Spider:1)
  Asterion (Spider:1)
  5 acid blobs
  A thorn hunter (Swamp:4)
  Gastronok (Lair:1)
  Kirke (Lair:6)
  3 azure jellies
  A fire giant (D:15)
  2 ghost moths (Spider:4)
  6 emperor scorpions (Spider:4)
  4 entropy weavers
  Azrael (Spider:1)
  A minotaur (Gauntlet)
  A death ooze (Slime:5)
  Josephine (D:10)
  Harold (D:8)
  A great orb of eyes (Slime:2)
  3 fire dragons
  Fannar (Lair:2)
  10 hydras
  2 ice dragons (Swamp:4)
  3 shambling mangroves
  A ghost crab (Swamp:4)
  3 centaur warriors
  2 dancing weapons (D:13)
  A two-headed ogre (D:14)
  6 alligators
  2 tengu warriors (D:15)
  Urug (D:13)
  3 death yaks (Lair:4)
  Sonja (D:10)
  9 spriggans
  9 skeletal warriors
  A wretched star (Gauntlet)
  A death drake (shapeshifter) (D:13)
  2 unseen horrors (D:14)
  4 spriggan druids
  A spectral wolf spider (Gauntlet)
  2 swamp dragons
  A death drake (Gauntlet)
  10 orb spiders
  13 wolf spiders
  A wolf spider zombie (D:11)
  2 deep elf magi
  29 ugly things
  A manticore (D:14)
  An oklob plant (Lair:4)
  2 cyclopes
  A shining eye (Slime:2)
  A black mamba (Lair:6)
  6 elephants (Lair:4)
  A moth of wrath (Spider:3)
  2 eyes of devastation
  A spiny frog (shapeshifter) (D:14)
  2 torpor snails
  14 spiny frogs
  A minotaur zombie (Gauntlet)
  8 rime drakes
  7 komodo dragons
  4 freezing wraiths (Swamp:4)
  An efreet (D:14)
  7 demonic crawlers
  4 trolls
  6 meliai
  2 polar bears (Lair:4)
  2 tyrant leeches
  A queen bee (D:8)
  18 hornets
  40 slime creatures
  21 jumping spiders
  11 hippogriffs
  15 blink frogs
  Grinder (D:3)
  A spectral meliai (Gauntlet)
  3 dream sheep (Lair:4)
  A shadow (Swamp:3)
  33 redbacks
  6 wraiths
  14 tarantellas
  11 wyverns
  14 yaks
  A hog (Lair:6)
  8 basilisks
  A hungry ghost (D:13)
  3 fire elementals (Spider:1)
  2 neqoxecs (Gauntlet)
  6 vampire mosquitoes
  2 swamp worm simulacra (Swamp:4)
  7 golden eyes (Slime:1)
  A steam dragon (Lair:6)
  An acid dragon (D:15)
  11 swamp worms
  13 hydra simulacra (Swamp:4)
  5 insubstantial wisps (Swamp:3)
  5 hell hounds
  13 porcupines
  13 water moccasins
  5 orc warriors
  8 swamp drakes
  5 ice beasts
  3 phantoms
  A sky beast (D:6)
  A black bear (D:9)
  4 eyes of draining
  2 ogres
  4 wolves (Lair:6)
  8 centaurs
  11 crocodiles
  3 big kobolds
  14 bullfrogs
  A water moccasin zombie (D:8)
  A scorpion (D:9)
  A wyvern skeleton (D:13)
  A hornet simulacrum (D:15)
  16 killer bees
  3 wights (D:14)
  4 electric eels
  4 crimson imps
  A bullfrog zombie (D:10)
  3 centaur zombies
  3 centaur skeletons
  5 hounds
  A jelly (D:15)
  4 orc priests
  14 orc wizards
  Terence (D:3)
  3 iguanas
  6 hell rats (Lair:5)
  6 worker ants
  A killer bee zombie (D:6)
  A hound zombie (D:5)
  A worker ant zombie (D:7)
  3 gnolls (D:4)
  6 adders
  A river rat (shapeshifter) (D:13)
  A shadow imp (D:15)
  3 swamp drake simulacra (Swamp:4)
  2 oozes
  3 worms
  3 leopard geckos
  30 orcs
  A ball python (D:1)
  4 giant cockroaches
  5 goblins
  4 hobgoblins
  9 jackals
  A quokka (D:3)
  3 bats
  A jackal skeleton (D:5)
  9 kobolds
  A quokka skeleton (D:8)
  3 rats
  A demonic plant (Gauntlet)
  3 fungi
  8 plants
  A withered plant (Gauntlet)
768 creatures vanquished.

Vanquished Creatures (collateral kills)
  2 emperor scorpions (Spider:4)
  2 hydras
  2 ice dragons (D:14)
  2 skeletal warriors (D:14)
  A black mamba (Lair:4)
  A kobold demonologist (D:14)
  A komodo dragon (Lair:4)
  A dream sheep (Lair:4)
  4 redbacks (Spider:4)
  An ice beast (D:14)
17 creatures vanquished.

Vanquished Creatures (others)
  A shambling mangrove (Swamp:4)
  An orb spider (Spider:3)
  A spiny frog (Lair:6)
  A tyrant leech (Swamp:4)
  A jumping spider (Spider:3)
  3 briar patches (Swamp:4)
  3 fungi
  6 plants
17 creatures vanquished.

Grand Total: 802 creatures vanquished

Notes
Turn   | Place    | Note
-------+----------+-------------------------------------------
     0 | D:1      | Flugkiller the Deep Dwarf Fighter began the quest for the
                  | Orb.
     0 | D:1      | Reached XP level 1. HP: 20/20 MP: 1/1
    63 | D:1      | Reached XP level 2. HP: 22/27 MP: 2/2
   185 | D:2      | Reached skill level 3 in Axes
   194 | D:2      | Reached XP level 3. HP: 33/33 MP: 3/3
   244 | D:3      | Noticed Grinder
   262 | D:3      | Paralysed by Grinder for 5 turns
   278 | D:3      | Paralysed by Grinder for 3 turns
   287 | D:3      | Killed Grinder
   287 | D:3      | Reached skill level 4 in Axes
   287 | D:3      | Reached XP level 4. HP: 32/42 MP: 4/4
   287 | D:3      | Reached XP level 5. HP: 37/49 MP: 5/5
   307 | D:3      | Noticed Terence
   316 | D:3      | Killed Terence
   419 | D:4      | Reached XP level 6. HP: 44/56 MP: 6/6
   590 | D:4      | Reached skill level 5 in Axes
   634 | D:4      | Found an iron altar of Okawaru.
   739 | D:4      | Found a shimmering blue altar of Sif Muna.
   857 | D:5      | Entered Level 5 of the Dungeon
  1013 | D:5      | Found a shattered altar of Ashenzari.
  1366 | D:6      | Reached XP level 7. HP: 54/64 MP: 6/6
  1456 | D:6      | Reached skill level 5 in Armour
  1456 | D:6      | Reached skill level 5 in Shields
  1489 | D:6      | Reached skill level 6 in Axes
  1742 | D:6      | You fall into a shaft and drop 3 floors!
  1748 | D:9      | Noticed a hippogriff
  1748 | D:9      | Noticed a basilisk
  1749 | D:9      | Found a staircase to the Lair.
  1749 | D:9      | Noticed a yak
  1785 | D:9      | Killed a hippogriff
  1785 | D:9      | Reached XP level 8. HP: 34/73 MP: 6/6
  1794 | D:9      | Reached skill level 7 in Axes
  1822 | D:9      | Reached skill level 5 in Fighting
  1866 | D:8      | Noticed Harold
  1885 | D:8      | Killed Harold
  1885 | D:8      | Reached skill level 8 in Axes
  1885 | D:8      | Gained mutation: You passively map the area around you.
                  | [Deep Dwarf growth]
  1885 | D:8      | Reached XP level 9. HP: 45/81 MP: 4/4
  2093 | D:7      | Reached skill level 9 in Axes
  2199 | D:7      | Got a pair of spiked gloves
  2205 | D:7      | Identified the +0 pair of gloves "Quliot" {Str-2 Dex+2
                  | SInv} (You found it on level 7 of the Dungeon)
  2755 | D:7      | Found a staircase to the Ecumenical Temple.
  2784 | Temple   | Entered the Ecumenical Temple
  2804 | Temple   | Became a worshipper of Makhleb the Destroyer
  3261 | D:8      | Reached skill level 1 in Invocations
  3311 | D:8      | Reached skill level 1 in Evocations
  3316 | D:8      | Noticed a queen bee
  3345 | D:8      | Gained mutation: You are partially covered in iridescent
                  | scales. (AC +2) [potion of mutation]
  3345 | D:8      | Gained mutation: You have a pair of small horns on your
                  | head. [potion of mutation]
  3345 | D:8      | Lost mutation: You have a pair of small horns on your head.
                  | [potion of mutation]
  3345 | D:8      | Gained mutation: Your mind is acute. (Int +2) [potion of
                  | mutation]
  3361 | D:8      | Killed a queen bee
  3361 | D:8      | Reached skill level 10 in Axes
  3379 | D:8      | Reached XP level 10. HP: 63/92 MP: 4/4
  3475 | D:8      | Reached * piety under Makhleb
  4502 | D:10     | Entered Level 10 of the Dungeon
  4683 | D:10     | Noticed Sonja
  4701 | D:10     | Killed Sonja
  4882 | D:10     | Reached skill level 11 in Axes
  4905 | D:10     | Noticed Josephine
  4916 | D:10     | Killed Josephine
  4934 | D:10     | Reached ** piety under Makhleb
  4934 | D:10     | Reached skill level 5 in Invocations
  4934 | D:10     | Reached XP level 11. HP: 44/100 MP: 5/5
  5314 | D:11     | Reached skill level 5 in Evocations
  5443 | D:11     | Noticed a cyan ugly thing
  5453 | D:11     | Killed a cyan ugly thing
  5657 | Lair:1   | Entered Level 1 of the Lair of Beasts
  5657 | Lair:1   | Noticed Gastronok
  5678 | Lair:1   | Killed Gastronok
  5709 | Lair:1   | Noticed an eight-headed hydra
  5725 | Lair:1   | Killed an eight-headed hydra
  5725 | Lair:1   | Reached skill level 12 in Axes
  6129 | Lair:1   | Reached XP level 12. HP: 66/110 MP: 6/6
  6455 | Lair:2   | Noticed Fannar
  6469 | Lair:2   | Killed Fannar
  6469 | Lair:2   | Reached *** piety under Makhleb
  6763 | Lair:2   | Found a staircase to the Swamp.
  6910 | Lair:2   | You fall into a shaft and drop 1 floor!
  6917 | Lair:3   | Reached skill level 13 in Axes
  6982 | Lair:3   | Found a runed translucent door.
  6982 | Lair:3   | Noticed Irhican's ghost (journeyman MiBe)
  7014 | Lair:3   | Reached skill level 10 in Shields
  7020 | Lair:3   | Reached skill level 10 in Armour
  7051 | Lair:3   | Noticed a six-headed hydra
  7117 | Lair:3   | Killed a 12-headed hydra
  7345 | Lair:3   | Found a hole to the Spider Nest.
  7406 | Lair:3   | Found a gate leading to a gauntlet.
  7452 | Gauntlet | Entered a Gauntlet
  7452 | Gauntlet | Found a transporter.
  7461 | Gauntlet | Found a transporter.
  7476 | Gauntlet | Found a transporter.
  7477 | Gauntlet | Found a transporter.
  7479 | Gauntlet | Found a large runed translucent door.
  7480 | Gauntlet | Found a large runed translucent door.
  7481 | Gauntlet | Found a large runed translucent door.
  7481 | Gauntlet | Found a large runed translucent door.
  7481 | Gauntlet | Found a runed translucent door.
  7482 | Gauntlet | Found a large runed translucent door.
  7483 | Gauntlet | Found a large runed translucent door.
  7484 | Gauntlet | Found a large runed translucent door.
  7484 | Gauntlet | Found a large runed translucent door.
  7485 | Gauntlet | Found a runed translucent gate.
  7495 | Gauntlet | Found a transporter.
  7495 | Gauntlet | Found a runed translucent gate.
  7496 | Gauntlet | Found a runed translucent gate.
  7497 | Gauntlet | Found a large runed translucent door.
  7497 | Gauntlet | Found a large runed translucent door.
  7498 | Gauntlet | Found a large runed translucent door.
  7499 | Gauntlet | Found a large runed translucent door.
  7505 | Gauntlet | Noticed a blizzard demon
  7508 | Gauntlet | Found a transporter.
  7521 | Gauntlet | Found a transporter.
  7541 | Gauntlet | Found a transporter.
  7545 | Gauntlet | Found a transporter.
  7553 | Gauntlet | Found a transporter.
  7582 | Gauntlet | Found a transporter.
  7582 | Gauntlet | Found a transporter.
  7599 | Gauntlet | Found a large runed translucent door.
  7600 | Gauntlet | Found a large runed translucent door.
  7602 | Gauntlet | Found a large runed translucent door.
  7602 | Gauntlet | Found a runed translucent door.
  7603 | Gauntlet | Found a large runed translucent door.
  7689 | Gauntlet | Got a pair of encrusted gloves
  7700 | Gauntlet | Identified the +2 pair of gloves of Protective Custody
                  | {rC+} (You found it in a Gauntlet)
  7929 | Gauntlet | Identified the cursed +0 scimitar of Guile {flame, *Drain
                  | +Inv Dex+3}
  7929 | Gauntlet | Noticed a minotaur
  7938 | Gauntlet | Killed a minotaur
  7957 | Gauntlet | Identified Roohoal's Grimoire of Confrontation and the
                  | Traveller
  7958 | Gauntlet | Got a brightly glowing amber ring
  7959 | Gauntlet | Got a translucent hand axe
  7968 | Lair:3   | Identified the ring "Neyjuvimm" {rC+ MR- Str+6 SInv Stlth+}
                  | (You found it in a Gauntlet)
  8021 | Lair:3   | Identified the +7 hand axe of the Mushroom {vorpal, MR+}
                  | (You found it in a Gauntlet)
  8227 | Lair:4   | Noticed a death yak
  8227 | Lair:4   | Noticed a death yak
  8227 | Lair:4   | Noticed a death yak
  8242 | Lair:4   | Killed a death yak
  8245 | Lair:4   | Killed a death yak
  8245 | Lair:4   | Reached XP level 13. HP: 108/121 MP: 4/4
  8249 | Lair:4   | Reached skill level 14 in Axes
  8687 | Lair:4   | Got a glimmering broad axe
  8688 | Lair:4   | Identified the +2 broad axe "Zatin" {vorpal, rPois} (You
                  | found it on level 4 of the Lair of Beasts)
  9452 | Lair:5   | Reached **** piety under Makhleb
  9693 | Lair:5   | Reached skill level 10 in Invocations
 10262 | Lair:6   | Entered Level 6 of the Lair of Beasts
 10555 | Lair:6   | Noticed Kirke
 10564 | Lair:6   | Killed Kirke
 10663 | Lair:6   | Found a staircase to the Slime Pits.
 10664 | Lair:6   | Found a viscous altar of Jiyva.
 10831 | Lair:6   | Reached skill level 15 in Axes
 10989 | Lair:6   | Noticed a fire dragon
 11006 | Lair:6   | Killed a fire dragon
 11006 | Lair:6   | Gained mutation: You resist negative energy. (rN+) [Deep
                  | Dwarf growth]
 11006 | Lair:6   | Reached XP level 14. HP: 51/130 MP: 7/7
 11613 | Spider:1 | Entered Level 1 of the Spider Nest
 11614 | Spider:1 | Noticed Azrael
 11630 | Spider:1 | Noticed Jorgrun
 11632 | Spider:1 | Reached skill level 10 in Fighting
 11641 | Spider:1 | Reached ***** piety under Makhleb
 11654 | Spider:1 | Killed Jorgrun
 11654 | Spider:1 | Killed Azrael
 11670 | Spider:1 | Noticed Asterion
 11676 | Spider:1 | Noticed a cacodemon
 11678 | Spider:1 | Gained mutation: Scrolls take you a little longer to read.
                  | [a cacodemon]
 11684 | Spider:1 | Gained mutation: You are occasionally teleported next to
                  | monsters. [a cacodemon]
 11687 | Spider:1 | Killed Asterion
 11691 | Spider:1 | Lost mutation: You are occasionally teleported next to
                  | monsters. [potion of mutation]
 11691 | Spider:1 | Lost mutation: Scrolls take you a little longer to read.
                  | [potion of mutation]
 11691 | Spider:1 | Lost mutation: You are partially covered in iridescent
                  | scales. (AC +2) [potion of mutation]
 11691 | Spider:1 | Gained mutation: You are frail. (-10% HP) [potion of
                  | mutation]
 11691 | Spider:1 | Gained mutation: You have a pair of small horns on your
                  | head. [potion of mutation]
 11692 | Spider:1 | Lost mutation: Your mind is acute. (Int +2) [potion of
                  | mutation]
 11692 | Spider:1 | Lost mutation: You are frail. (-10% HP) [potion of
                  | mutation]
 11692 | Spider:1 | Gained mutation: Your body sometimes deteriorates upon
                  | taking damage. [potion of mutation]
 11692 | Spider:1 | Gained mutation: You passively map a large area around you.
                  | [potion of mutation]
 11692 | Spider:1 | Gained mutation: Your muscles are strong. (Str +2) [potion
                  | of mutation]
 11693 | Spider:1 | Lost mutation: You passively map a large area around you.
                  | [potion of mutation]
 11693 | Spider:1 | Lost mutation: Your body sometimes deteriorates upon taking
                  | damage. [potion of mutation]
 11693 | Spider:1 | Gained mutation: Your mind is acute. (Int +2) [potion of
                  | mutation]
 12165 | D:13     | Found the +5 scythe "Finisher" {speed, eviscerate}
 12219 | D:13     | Reached skill level 16 in Axes
 12313 | D:13     | Found a gate to the Vaults.
 12415 | D:13     | Noticed Urug
 12425 | D:13     | Killed Urug
 12683 | D:14     | Reached XP level 15. HP: 137/140 MP: 9/9
 12735 | D:14     | Found the +2 shield of Resistance {rF+ rC+ MR+}
 12740 | D:14     | Found a runed translucent door.
 12740 | D:14     | Found a runed translucent door.
 13002 | D:14     | Reached ****** piety under Makhleb
 13342 | D:14     | Reached skill level 17 in Axes
 13354 | D:15     | Entered Level 15 of the Dungeon
 13402 | D:15     | Found a staircase to the Depths.
 13402 | D:15     | Noticed a fire giant
 13413 | D:15     | Killed a fire giant
 14245 | Spider:3 | Reached skill level 1 in Dodging
 14283 | Spider:4 | Entered Level 4 of the Spider Nest
 14385 | Spider:4 | Reached XP level 16. HP: 151/151 MP: 9/9
 14721 | Spider:4 | Reached skill level 18 in Axes
 14772 | Spider:4 | Got a gossamer rune of Zot
 14997 | Swamp:1  | Entered Level 1 of the Swamp
 15294 | Swamp:3  | Reached skill level 5 in Dodging
 15358 | Swamp:3  | Noticed Roxanne
 15382 | Swamp:4  | Entered Level 4 of the Swamp
 15432 | Swamp:4  | Noticed a thorn hunter
 15471 | Swamp:4  | Killed a thorn hunter
 15694 | Swamp:4  | Reached XP level 17. HP: 111/162 MP: 6/6
 15861 | Swamp:4  | Got a decaying rune of Zot
 16092 | Slime:1  | Entered Level 1 of the Pits of Slime
 16099 | Slime:1  | Noticed an acid blob
 16115 | Slime:1  | Killed an acid blob
 16182 | Slime:2  | Gained mutation: You expend magic power (3 MP) to
                  | strengthen your wands. [a shining eye]
 16190 | Slime:2  | Gained mutation: Scrolls take you a little longer to read.
                  | [a shining eye]
 16220 | Slime:5  | Entered Level 5 of the Pits of Slime
 16256 | Slime:5  | Noticed an acid blob
 16272 | Slime:5  | Killed an acid blob
 16283 | Slime:5  | Found a viscous altar of Jiyva.
 16283 | Slime:5  | Noticed an acid blob
 16284 | Slime:5  | Noticed the Royal Jelly
 16284 | Slime:5  | Noticed an acid blob
 16286 | Slime:5  | Noticed an acid blob
 16300 | Slime:5  | Killed an acid blob
 16307 | Slime:5  | Killed an acid blob
 16309 | Slime:5  | Killed an acid blob
 16309 | Slime:5  | Reached skill level 15 in Invocations
 16323 | Slime:5  | Noticed an acid blob
 16338 | Slime:5  | Noticed an acid blob
 16340 | Slime:5  | Slain by a titanic slime creature

Illustrated notes

Levels and vault maps discovered:
D:1:      psy_arrival_fountain, layout_loops_ring
D:2:      layout_rooms, chequers_serial_rivers_micro_b
D:3:      layout_basic, serial_corexii_hall, chequers_hall_statues_y,
          corexii_hall_statues_s, uniq_grinder, uniq_terence
D:4:      layout_rooms, lemuel_coloured_pillars_altar, okawaru_metal_pillars_3
D:5:      layout_cave_pools, first_ration, ashenzari_altar_1
D:6:      layout_cave_pods, corexii_shack
D:7:      layout_cave_pods, minmay_temple_entry_arrows
D:8:      layout_cave_pools, david_nohive_1, uniq_harold
D:9:      layout_small_grid, david_lair_generic
D:10:     layout_grid_maze, uniq_josephine, uniq_sonja
D:11:     layout_stronghold, david_orc_5
D:12:     layout_irregular_city, serial_shops, kennysheep_mini_moat,
          kennysheep_generic_room_13, uniq_psyche
D:13:     layout_small_grid, erik_vaults_1, grunt_decor_fettered,
          minmay_guarded_unrand_finisher, uniq_urug
D:14:     layout_stronghold, lemuel_blue_sif_altar,
          minmay_guarded_unrand_resistance
D:15:     grunt_enter_depths_giant_problem, layout_long_grid
Temple:   grunt_wide_crystal_templ
Lair:1:   layout_regular_city, worms_lemuel, uniq_gastronok
Lair:2:   layout_gridlike, swamp_mist_pool, nicolae_lair_grove_arrangements,
          grunt_megastairs_3, lemuel_fruit_fields, uniq_fannar
Lair:3:   layout_gridlike, spider_nest_entry_rubble,
          ebering_ghost_reflecting_pool, gauntlet_entry_generic,
          beast_lair_carwin_11, infiniplex_staircase_pool_2
Lair:4:   layout_layer_cave, minmay_lair_oklob_items
Lair:5:   layout_layer_cave
Lair:6:   guppyfry_lair_end_dragon, layout_layer_cave, slime_altar_1,
          special_room [special_room_mythical_zoo], serial_bayou_pond_a,
          serial_bayou_ford_a, uniq_kirke
Swamp:1:  gammafunk_the_bubble [the_bubble_gammafunk_plus_minus],
          layout_falls_marsh, evilmike_swamp_ruin_house_3
Swamp:2:  layout_basic_swamp, evilmike_swamp_ruin_rubble_2, swamp_pool1
Swamp:3:  layout_basic_swamp, infiniplex_staircase_pool, swamp_pool2,
          uniq_roxanne
Swamp:4:  swamp_icy, layout_basic_swamp
Spider:1: layout_spider_delve, uniq_asterion, uniq_jorgrun, uniq_azrael
Spider:2: layout_spider_delve
Spider:3: layout_spider_delve, drop_trap, spiders_nest_the_unseen
Spider:4: grunt_spider_rune_circles, hangedman_spider_mandibles
Slime:1:  layout_caves
Slime:2:  layout_caves, uniq_dissolution
Slime:3:  layout_caves
Slime:4:  layout_caves
Slime:5

Skill      XL: |  1  2  3  4  5  6  7  8  9 10 11 12 13 14 15 16 17 |
---------------+----------------------------------------------------+-----
Axes           | 3 4 5 6 8 10 11 12 13 15 16 17 18 | 18.0
Fighting       | 3 4 5 6 7 8 9 10 11 12 13 | 13.5
Armour         | 4 5 6 7 8 9 10 11 12 13 14 | 14.4
Shields        | 4 5 6 7 8 9 10 11 12 13 14 | 14.4
Invocations    | 2 5 7 9 10 12 13 14 15 | 15.0
Evocations     | 1 4 6 |  6.0
Dodging        | 2 5 6 |  6.7

Action                   |  1- 3 |  4- 6 |  7- 9 | 10-12 | 13-15 | 16-18 || total
-------------------------+-------+-------+-------+-------+-------+-------++-------
Melee: War axe           |    95 |   148 |   313 |   634 |       |       ||  1190
       Hand axe          |       |       |       |    15 |    56 |       ||    71
       Broad axe         |       |       |       |       |  1014 |   632 ||  1646
       Headbutt          |       |       |       |       |   207 |   190 ||   397
Invok: Lesser Servant of |       |       |       |     2 |     3 |       ||     5
       Minor Destruction |       |       |       |     1 |       |       ||     1
       Greater Servant o |       |       |       |       |     1 |     3 ||     4
 Abil: Heal Wounds       |     3 |     4 |    19 |    27 |    10 |    10 ||    73
Evoke: Wand              |       |       |     2 |    15 |     1 |       ||    18
  Use: Scroll            |       |     6 |     4 |     7 |     5 |     4 ||    26
       Potion            |       |       |    13 |     4 |    10 |     1 ||    28
 Stab: Paralysed         |       |       |     6 |     3 |       |       ||     9
       Distracted        |       |       |       |       |     1 |     5 ||     6
       Confused          |       |       |       |       |     1 |     2 ||     3
  Eat: Chunk             |       |     2 |     7 |    11 |    12 |     1 ||    33
       Ration            |       |       |       |     2 |     3 |     2 ||     7
Armor: Scale mail        |    28 |    67 |    73 |       |       |       ||   168
       Plate armour      |       |       |   176 |   466 |   692 |   415 ||  1749
       Chain mail        |       |       |    25 |       |       |       ||    25
       Skin              |       |       |       |    70 |       |       ||    70
Dodge: Dodged            |    27 |    48 |   124 |   172 |   340 |   296 ||  1007
Block: Kite shield       |    45 |    72 |   248 |   453 |   753 |   598 ||  2169
